 Dungeon Crawl Stone Soup version 0.25.1-2-g60ff931df9 (webtiles) character file.

Game seed: 180107981972532265

9013 hawla the Carver (level 11, -37/95 HPs)
             Began as a Minotaur Gladiator on Nov 6, 2020.
             Was an Initiate of Gozag.
             Annihilated by an enormous slime creature (47 damage)
             ... on level 10 of the Dungeon on Nov 7, 2020.
             The game lasted 00:23:31 (10993 turns).

hawla the Carver (Minotaur Gladiator)              Turns: 10993, Time: 00:23:32

Health: -37/95     AC:  9    Str: 22    XL:     11   Next: 17%
Magic:  0/10       EV: 18    Int:  5    God:    Gozag
Gold:   1731       SH:  0    Dex: 12    Spells: 10/10 levels left

rFire    . . .     SeeInvis .   I - +4 great sword
rCold    . . .     Gourm    .   (shield currently unavailable)
rNeg     . . .     Faith    .   K - +0 robe {MR+}
rPois    .         Spirit   +   c - +0 hat
rElec    .         Reflect  .   (no cloak)
rCorr    .         Harm     .   L - +0 pair of gloves (curse)
MR       ++...                  k - +1 pair of boots
Stlth    ++........             r - amulet of guardian spirit
HPRegen  0.25/turn              v - +4 ring of protection
MPRegen  0.12/turn              A - ring of protection from magic

@: no status effects
A: retaliatory headbutt, horns 2
a: Potion Petition, Call Merchant, Bribe Branch, Renounce Religion


You were on level 10 of the Dungeon.
You worshipped Gozag.
Gozag was most pleased with you.
You were full.

You visited 2 branches of the dungeon, and saw 11 of its levels.
You also visited: Sewer.

You collected 1819 gold pieces.
You paid 88 gold pieces to Gozag.

Inventory:

Hand Weapons
 B - a +0 dagger of draining
 I - a +4 great sword (weapon)
 J - a +2 dagger of electrocution
Missiles
 d - 6 throwing nets
 n - 2 curare-tipped darts
 u - 68 poisoned darts
 x - 14 boomerangs (quivered)
Armour
 c - a +0 hat (worn)
 k - a +1 pair of boots (worn)
 F - a +2 robe of positive energy
 K - a +0 robe of magic resistance (worn)
 L - a cursed +0 pair of gloves (worn)
Jewellery
 e - an uncursed ring of ice
 q - an uncursed ring of protection from cold
 r - an amulet of guardian spirit (around neck)
 v - a +4 ring of protection (left hand)
 A - a ring of protection from magic (right hand)
Wands
 z - a wand of clouds (6)
 H - a wand of random effects (9)
Scrolls
 b - a scroll of blinking
 j - 3 scrolls of teleportation
 l - a scroll of amnesia
 w - 3 scrolls of fear
 y - a scroll of magic mapping
 G - 2 scrolls of enchant weapon
 M - a scroll of identify
 N - 2 scrolls of remove curse
Potions
 g - a potion of lignification {unknown}
 h - a potion of ambrosia
 i - 7 potions of curing
 m - 2 potions of berserk rage
 o - 4 potions of mutation {unknown}
 p - a potion of might
 s - 2 potions of brilliance
 t - 2 potions of invisibility {unknown}
 D - 4 potions of flight
 E - a potion of haste
Comestibles
 f - 14 rations


   Skills:
 + Level 8.4 Fighting
 + Level 5.8(9.3) Short Blades
 + Level 12.1(12.7) Long Blades
 + Level 2.3 Throwing
 + Level 4.2 Armour
 * Level 11.5 Dodging
 - Level 2.7 Stealth


You had 10 spell levels left.
You didn't know any spells.
Your spell library was empty.

Dungeon Overview and Level Annotations

Branches:
Dungeon (10/15)            Temple (1/1) D:4            Lair (0/6) D:10
    Orc (0/2) D:9           Sewer (visited)

Altars:
Ashenzari
Cheibriados
Dithmenos
Elyvilon
Fedhas
Gozag
Hepliaklqana
Kikubaaqudgha
Makhleb
Nemelex Xobeh
Okawaru
Qazlal
Ru
Sif Muna
Trog
Uskayaw
Vehumet
Wu Jian
Xom
Yredelemnul
Zin
The Shining One

Annotations:
D:1 trapped gold


Innate Abilities, Weirdness & Mutations

You reflexively headbutt those who attack you in melee.
You have a pair of horns on your head.


Message History

The very large slime creature is moderately wounded.
The slime creature hits you!
* * * LOW HITPOINT WARNING * * *
The very large slime creature misses you.
The slime creature completely misses you.
Two slime creatures merge to form an enormous slime creature.
Things that are here:
7 gold pieces; a +0 flail; a +0 scale mail You slash the slime creature!
You headbutt the slime creature!
The slime creature is heavily wounded.
You feel less invigorated.
You feel less confused.
The slime creature hits you but does no damage.
The enormous slime creature hits you!!!
* * * LOW HITPOINT WARNING * * *
You feel much better. The slime creature hits you!
* * * LOW HITPOINT WARNING * * *
The enormous slime creature hits you!!!
You die...
Your body crumbles into a pile of gold.

####
###################.....
....................>...
################.##....
#.# . ###.# ##.#.#
##.#..# ##.#..@#
#.#..JJ# #.#.....#
.#.....$# #.......#
......#. ........#
.......# ........#
.......# .....##..
...8... ....# #.#


You could see an enormous slime creature and a slime creature.

Vanquished Creatures
  Harold (D:10)
  Pikel (D:4)
  An elephant (D:10)
  Joseph (D:8)
  Prince Ribbit (D:8)
  A slime creature (D:10)
  A hippogriff (D:10)
  A wyvern (D:8)
  Grum (D:8)
  A basilisk (D:10)
  4 yaks (D:10)
  A hungry ghost (D:8)
  Purgy (Sewer)
  A water moccasin (D:7)
  6 orc warriors
  An ice beast (D:10)
  A sky beast (D:5)
  3 black bears
  3 phantoms
  An eye of draining (D:10)
  2 wolves (D:8)
  An ogre (D:7)
  4 centaurs
  2 crocodiles
  2 big kobolds
  4 bullfrogs
  4 scorpions
  14 wights
  An electric eel (D:9)
  7 howler monkeys
  4 crimson imps
  2 bullfrog zombies
  2 centaur zombies
  8 hounds
  6 orc priests
  11 orc wizards
  2 bullfrog skeletons
  A centaur skeleton (D:9)
  An iguana (D:5)
  9 worker ants
  A killer bee zombie (D:5)
  3 worker ant zombies
  3 howler monkey zombies (D:3)
  A gnoll (D:1)
  17 adders
  5 shadow imps
  3 oozes
  4 adder skeletons
  4 worms
  A dart slug (D:3)
  10 leopard geckos
  37 orcs
  7 giant cockroaches
  5 goblins
  9 hobgoblins
  16 jackals
  A quokka (D:8)
  A ball python skeleton (D:3)
  8 bats
  5 frilled lizards
  2 goblin skeletons (D:9)
  A goblin zombie (D:9)
  A hobgoblin zombie (D:9)
  A jackal skeleton (D:3)
  A jackal zombie (D:6)
  19 kobolds
  A kobold skeleton (D:9)
  A kobold zombie (D:9)
  3 orc skeletons (D:9)
  2 orc zombies (D:9)
  A quokka skeleton (D:3)
  A quokka zombie (D:6)
  7 rats
  A spectral orc (D:8)
302 creatures vanquished.

Vanquished Creatures (others)
  A wyvern (D:10)
  A steam dragon (D:10)
  A howler monkey (D:10)
  An orc wizard (D:4)
  2 leopard geckos
  3 orcs
  A frilled lizard (D:4)
10 creatures vanquished.

Grand Total: 312 creatures vanquished

Notes
Turn   | Place    | Note
-------+----------+-------------------------------------------
     0 | D:1      | hawla the Minotaur Gladiator began the quest for the Orb.
     0 | D:1      | Reached XP level 1. HP: 18/18 MP: 0/0
   197 | D:1      | Reached XP level 2. HP: 23/25 MP: 1/1
   350 | D:1      | Reached skill level 4 in Long Blades
   367 | D:1      | Reached XP level 3. HP: 28/30 MP: 2/2
  1402 | D:2      | Reached XP level 4. HP: 37/37 MP: 3/3
  1452 | D:2      | Reached skill level 1 in Armour
  1866 | D:3      | Found a sparkling altar of Nemelex Xobeh.
  2003 | D:3      | Reached XP level 5. HP: 31/44 MP: 4/4
  2129 | D:3      | Reached skill level 5 in Long Blades
  2211 | D:3      | Reached skill level 5 in Dodging
  2589 | D:2      | Found a shadowy altar of Dithmenos.
  2635 | D:4      | Reached XP level 6. HP: 48/51 MP: 5/5
  2790 | D:4      | Found a glowing drain.
  2799 | Sewer    | Entered a sewer
  2840 | Sewer    | Noticed Purgy
  2855 | Sewer    | Killed Purgy
  2855 | Sewer    | Reached skill level 6 in Long Blades
  2944 | Sewer    | Reached skill level 1 in Stealth
  3076 | D:4      | Reached XP level 7. HP: 46/58 MP: 4/6
  3223 | D:4      | Noticed Pikel
  3235 | D:4      | Killed Pikel
  3235 | D:4      | Reached skill level 7 in Long Blades
  3235 | D:4      | Reached XP level 8. HP: 45/66 MP: 5/7
  3245 | D:4      | Reached skill level 1 in Short Blades
  3694 | D:4      | Found a staircase to the Ecumenical Temple.
  3713 | Temple   | Entered the Ecumenical Temple
  4223 | D:5      | Entered Level 5 of the Dungeon
  5054 | D:5      | Found a white marble altar of Elyvilon.
  5097 | D:5      | Found a hazy altar of Hepliaklqana.
  5140 | D:5      | Found an opulent altar of Gozag.
  5161 | D:5      | Became a worshipper of Gozag Ym Sagoz the Greedy
  5211 | D:5      | Reached skill level 8 in Long Blades
  5603 | D:6      | Reached skill level 5 in Fighting
  5837 | D:6      | Reached XP level 9. HP: 74/74 MP: 8/8
  5976 | D:6      | Reached skill level 9 in Long Blades
  6040 | D:6      | Found an ancient bone altar of Kikubaaqudgha.
  7406 | D:7      | Found a bloodstained altar of Trog.
  7411 | D:7      | Reached skill level 10 in Long Blades
  7897 | D:8      | Noticed Prince Ribbit
  7899 | D:8      | Reached skill level 10 in Dodging
  7932 | D:8      | Killed Prince Ribbit
  8051 | D:8      | Noticed Grum
  8053 | D:8      | Reached XP level 10. HP: 84/84 MP: 9/9
  8065 | D:8      | Killed Grum
  8352 | D:8      | Found a stormy altar of Qazlal.
  8478 | D:8      | Found a shattered altar of Ashenzari.
  8745 | D:8      | Noticed Joseph
  8756 | D:8      | Killed Joseph
  8756 | D:8      | Reached skill level 11 in Long Blades
  9048 | D:8      | Found a basalt altar of Yredelemnul.
  9389 | D:9      | Found a staircase to the Orcish Mines.
  9918 | D:9      | Found a glowing golden altar of the Shining One.
 10317 | D:10     | Entered Level 10 of the Dungeon
 10573 | D:10     | Noticed Harold
 10599 | D:10     | Killed Harold
 10599 | D:10     | Reached skill level 5 in Short Blades
 10604 | D:10     | Noticed an elephant
 10619 | D:10     | Killed an elephant
 10619 | D:10     | Reached skill level 12 in Long Blades
 10619 | D:10     | Reached XP level 11. HP: 68/94 MP: 1/10
 10631 | D:10     | Found a staircase to the Lair.
 10993 | D:10     | Annihilated by an enormous slime creature

Illustrated notes

Levels and vault maps discovered:
D:1:      psy_arrival_whirlpool, layout_loops_cross, lemuel_flame_loot_1
D:2:      lemuel_upstairs_altar, layout_basic, first_ration
D:3:      layout_rooms, lemuel_doored_altar, serial_undead, serial_undead_b,
          serial_undead_d, serial_undead_d, serial_undead_c,
          chequers_serial_rivers_micro_a, minmay_crystal_water
D:4:      layout_gridville, minmay_temple_entry_mini_moons,
          gup_sewer_entry_bubbles, serial_rivers,
          chequers_serial_rivers_small_b, chequers_serial_rivers_large_a,
          chequers_serial_rivers_micro_c, chequers_serial_rivers_micro_e,
          uniq_pikel
D:5:      layout_basic, nicolae_gozag_cash_rules_everything_around_me,
          marbit_many_paths, lemuel_round_altar
D:6:      layout_gridville, nicolae_overflow_hidden_temple
D:7:      layout_loops_cross, trog_ov_bears_minmay, grunt_ogre_cave
D:8:      layout_loops_ring, nicolae_overflow_crystal_walls,
          yredelemnul_forgotten_temple_becter, evilmike_ruin_ashenzari,
          uniq_joseph, uniq_prince_ribbit1, uniq_grum
D:9:      statuecave_lemuel, layout_rooms, nicolae_tso_besieged_by_evil,
          orc_0_dummy
D:10:     wad_pebble_path, layout_basic, david_lair_generic, serial_shops, shop,
          corexii_leaking_fountain, lemuel_flamethrower_2, uniq_harold
Temple:   nicolae_temple_figure_eight

Skill      XL: |  1  2  3  4  5  6  7  8  9 10 |
---------------+-------------------------------+-----
Dodging        | 4 5 7 8 10 11 | 11.5
Long Blades    | 4 5 6 7 8 10 12 | 12.1
Armour         | 1 2 3 4 |  4.2
Fighting       | 3 4 5 6 8 |  8.4
Stealth        | 1 2 |  2.7
Short Blades   | 1 3 5 |  5.8
Throwing       | |  2.3

Action                   |  1- 3 |  4- 6 |  7- 9 | 10-12 || total
-------------------------+-------+-------+-------+-------++-------
Melee: Long sword        |    57 |   117 |   138 |       ||   312
       Headbutt          |     5 |    38 |    69 |    88 ||   200
       Dagger            |       |    40 |   146 |   236 ||   422
       Great sword       |       |       |    34 |   107 ||   141
Throw: Throwing net      |       |       |     2 |       ||     2
       Boomerang         |       |       |     1 |     2 ||     3
  Use: Scroll            |     3 |     5 |    15 |       ||    23
       Potion            |       |       |       |     5 ||     5
 Stab: Sleeping          |       |     2 |     6 |       ||     8
       Distracted        |       |       |       |     1 ||     1
  Eat: Chunk             |     2 |     5 |     7 |       ||    14
       Ration            |       |       |     4 |     4 ||     8
Armor: Leather armour    |    20 |    49 |     9 |       ||    78
       Robe              |       |       |    76 |    52 ||   128
Dodge: Dodged            |    44 |   140 |   223 |   227 ||   634
       Rpst.: Long sword |     9 |    23 |    27 |       ||    59
       Great sword       |       |       |    10 |    28 ||    38
